 Dungeon Crawl Stone Soup version 0.28.0-53-g5a82cb258f (webtiles) character file.

Game seed: 7182170623198643089

47 infcreate the Sneak (level 3, -11/19 HPs)
             Began as a Vampire Enchanter on Aug 2, 2022.
             Killed from afar by an orc wizard (12 damage)
             ... with a puff of flame
             ... on level 3 of the Dungeon.
             The game lasted 00:04:00 (1727 turns).

infcreate the Sneak (Vampire Enchanter)             Turns: 1727, Time: 00:04:00

Health: -11/19     AC:  3    Str:  7    XL:     3   Next: 48%
Magic:  2/6        EV: 13    Int: 17    God:
Gold:   41         SH:  0    Dex: 16    Spells: 1/6 levels left

rFire   . . .      SeeInvis +   a - +1 dagger
rCold   + + .      Faith    .   (no shield)
rNeg    + + +      Spirit   .   b - +0 robe
rPois   ∞          Reflect  .   (no helmet)
rElec   .          Harm     .   d - +0 cloak
rCorr   .          Rampage  .   (no gloves)
Will    .....                   (no boots)
Stlth   ++++......              (no amulet)
HPRegen 0.00/turn               (no ring)
MPRegen 0.10/turn               (no ring)

@: silenced, bloodless, inhibited regen
A: bloodless, fangs 3, see invisible, vampiric 2
a: Bat Form, Revivify


You were on level 3 of the Dungeon.
You visited 1 branch of the dungeon, and saw 3 of its levels.

You collected 41 gold pieces.


Innate Abilities, Weirdness & Mutations

You do not regenerate when monsters are visible.
You are frail without blood (-20% HP).
You can heal yourself when you bite living creatures.
You are immune to poison.
You have razor-sharp teeth.
You have supernaturally acute eyesight. (SInv)
You are afflicted with vampirism and can become a bat while bloodless.


   Skills:
 + Level 1.8 Short Blades
 + Level 2.7 Dodging
 + Level 5.0 Stealth
 + Level 2.4 Spellcasting
 + Level 4.9 Hexes


You had one spell level left.
You knew the following spells:

 Your Spells              Type           Power      Damage    Failure   Level
c - Confusing Touch       Hex            18%        N/A       8%          3
e - Ensorcelled Hibernat  Hex/Ice        20%        N/A       11%         2

Your spell library contained the following spells:

 Spells                   Type           Power      Damage    Failure   Level
 Tukima's Dance           Hex            18%        N/A       8%          3
 Dazzling Flash           Conj/Hex       20%        N/A       21%         3

Inventory:

Hand Weapons
 a - a +1 dagger (weapon)
Armour
 b - a +0 robe (worn)
 d - a +0 cloak (worn)
Scrolls
 e - a scroll of vulnerability {unknown}
 f - a scroll of amnesia {unknown}
 g - a scroll of enchant armour {unknown}
 h - a scroll of silence {!r}
Potions
 c - a potion of invisibility
 i - 2 potions of curing {unknown}

Dungeon Overview and Level Annotations

Branches:
Dungeon (2/15)

Altars:

##############
#............#
##'##########.#
#...........#.#
#........@..+.#
#..▓▓▓▓▓▓▓..#.....#
#..▓ ▓..#.....#
#..▓ ▓o.#.....#
#..▓ ▓..#.....#
#..▓ ▓..#.....#
#..▓▓▓▓▓.▓..#.....#
#........▓..#....Z#
###.▓▓▓▓▓▓▓▓..# ...


You could see an orc wizard (invisible).


Message History

Casting: Confusing Touch (extremely dangerous; 8% risk of failure)
Confirm with . or Enter, or press ? or * to list all spells.
Aiming: Ensorcelled Hibernation (safe; 11% risk of failure)
Press: ? - help, Shift-Dir - straight line, f - orc
Aim: an orc, wielding a +0 flail of protection (chance to affect: 62%)
The orc looks drowsy...
The orc wizard gestures wildly while chanting.
The orc wizard flickers and vanishes for a moment.
Casting: Ensorcelled Hibernation (safe; 11% risk of failure)
Confirm with . or Enter, or press ? or * to list all spells.
The spell is extremely dangerous to miscast (8% risk of failure)!
Continue anyway?
Your hands begin to glow red.
The orc hits you with a +0 flail of protection.
You hit the orc but do no damage.
The orc appears confused.
You bite the orc, but do no damage.
There is an open door here.
The orc hits something with a +0 flail of protection!
You feel a bit more experienced. The orc wizard casts a spell at you.
The puff of flame hits you!
* * * LOW HITPOINT WARNING * * *
As you read the scroll labelled ODWUNA ETO YQI, it crumbles to dust.
A profound silence engulfs you.
It was a scroll of silence.
The orc wizard gestures at you while chanting.
You are confused.
You feel less confused.
The orc wizard points at you and mumbles some strange words.
The puff of flame hits you!
Ouch! That really hurt!
You die...

Skill      XL: |  1  2  3 |
---------------+----------+-----
Stealth        | 5 |  5.0
Short Blades   | |  1.8
Dodging        | |  2.7
Spellcasting   | |  2.4
Hexes          | |  4.9

Action                   || total
-------------------------++-------
Melee: Dagger            ||    77
       Bite              ||     8
       Punch             ||     1
 Cast: Ensorcelled Hiber ||    18
       Confusing Touch   ||     3
 Abil: Exsanguinate      ||     1
  Use: Scroll            ||     1
 Stab: Sleeping          ||    25
       Confused          ||     2
Armor: Robe              ||    13
Dodge: Dodged            ||    28

Levels and vault maps discovered:
D:1:      shiori_arrival_whats_in_store_for_you, layout_basic,
          hellmonk_ecumenical_altar_slurped_away
D:2:      layout_basic
D:3:      layout_rooms, hellmonk_ghost_happy_afterlife, kennysheep_small_spiral

Notes
Turn   | Place    | Note
-------+----------+-------------------------------------------
     0 | D:1      | infcreate the Vampire Enchanter began the quest for the
                  | Orb.
     0 | D:1      | Reached XP level 1. HP: 13/13 MP: 3/3
     0 | D:1      | Noticed a yellow draconian
     0 | D:1      | Noticed a large abomination
     7 | D:1      | Noticed an orb of fire
     9 | D:1      | Noticed an iron dragon
    10 | D:1      | Noticed a large abomination
    10 | D:1      | Noticed a tentacled monstrosity
    12 | D:1      | Noticed an orb of fire
    13 | D:1      | Noticed an ice dragon
    23 | D:1      | Noticed a shadow dragon
    27 | D:1      | Noticed a tentacled monstrosity
    27 | D:1      | Noticed a tentacled monstrosity
    27 | D:1      | Noticed an iron dragon
    29 | D:1      | Noticed a red draconian
    29 | D:1      | Noticed a tentacled monstrosity
    31 | D:1      | Noticed an orb of fire
    33 | D:1      | Noticed an iron dragon
   104 | D:1      | Found a faded altar of an unknown god.
   244 | D:1      | Reached XP level 2. HP: 15/15 MP: 5/5
   247 | D:1      | Learned a level 2 spell: Ensorcelled Hibernation
  1268 | D:2      | Gained mutation: You are afflicted with vampirism and can
                  | become a bat while bloodless. [Vampire growth]
  1268 | D:2      | Reached XP level 3. HP: 19/19 MP: 3/6
  1274 | D:2      | Learned a level 3 spell: Confusing Touch
  1383 | D:2      | You fall into a shaft and drop 1 floor!
  1397 | D:3      | Reached skill level 5 in Stealth
  1712 | D:3      | HP: 1/19 [orc wizard/puff of flame (9)]
  1727 | D:3      | Killed from afar by an orc wizard

Vanquished Creatures
  2 dart slugs
  2 orcs (D:3)
  6 ball pythons
  6 bats
  5 endoplasms
  2 giant cockroaches
  2 goblins
  A hobgoblin (D:3)
  3 jackals (D:1)
  2 frilled lizards (D:1)
  A kobold (D:2)
  4 rats
36 creatures vanquished.

Table legend: (Time is in decaauts)
 A = Elapsed time spent in this place.
 B = Non-inter-level travel time spent in this place.
 C = Inter-level travel time spent in this place.
 D = Time resting spent in this place.
 E = Time spent auto-exploring this place.
 F = Levels seen in this place.
 G = Mean time per level.
                   A        B        C        D        E       F      G
               +--------+--------+--------+--------+--------+-----+--------+
         Total |   1720 |   1691 |     29 |    136 |   1147 |   3 |  573.3 |
       Dungeon |   1720 |   1691 |     29 |    136 |   1147 |   3 |  573.3 |
               +--------+--------+--------+--------+--------+-----+--------+

Top non-repeatable levels by time:
     D:1: 1229 daAuts
     D:3: 342 daAuts
     D:2: 148 daAuts

Table legend:
 A = Non-vault XP
 B = Vault XP
 C = Vault XP percentage of total XP
 D = Non-vault monster count
 E = Vault monster count
 F = Vault count percentage of total count
                 A         B        C        D         E       F
            +---------+---------+-------+---------+---------+-------
      Total |      66 |       2 |   2.9 |      35 |       1 |   2.8
            +---------+---------+-------+---------+---------+-------
        D:1 |      33 |       2 |   5.7 |      19 |       1 |   5.0
        D:2 |      15 |       0 |   0.0 |       8 |       0 |   0.0
        D:3 |      18 |       0 |   0.0 |       8 |       0 |   0.0
            +---------+---------+-------+---------+---------+-------
